 Dungeon Sprint DCSS version 0.27.1-2-g3b301248ec (webtiles) character file.

Game seed: 13516391617878233170

2715 boopmooplesden the Blocker (level 9, -23/91 HPs)
             Began as a Minotaur Fighter on Sept 22, 2021.
             Was a Believer of Okawaru.
             Killed from afar by a storm dragon (24 damage)
             ... with a bolt of lightning
             ... in the Dungeon (Sprint II: "The Violet Keep of Menkaure").
             The game lasted 00:05:11 (2125 turns).

boopmooplesden the Blocker (Minotaur Fighter)       Turns: 2125, Time: 00:05:13

Health: -23/91     AC: 12    Str: 24    XL:     9   Next: 39%
Magic:  6/8        EV: 12    Int:  5    God:    Okawaru [**....]
Gold:   742        SH: 22    Dex: 10    Spells: 8/8 levels left

rFire    . . .     SeeInvis +   f - +10 hand axe of Luxury {venom, rC+ SInv Stlth+}
rCold    + . .     Faith    .   l - +0 tower shield
rNeg     . . .     Spirit   .   b - +0 scale mail
rPois    +         Reflect  .   (helmet restricted)
rElec    .         Harm     .   n - scarf {repulsion}
rCorr    .         Rampage  .   (no gloves)
Will     .....     NoTele   +   v - +0 pair of boots
Stlth    ++........             (no amulet)
HPRegen  0.25/turn              x - ring of poison resistance
MPRegen  0.11/turn              w - ring of see invisible

@: heroic, repel missiles
A: horns 2, retaliatory headbutt
a: Renounce Religion, Heroism


You were in the Dungeon.
You worshipped Okawaru.
Okawaru was pleased with you.
You visited 1 branch You collected 1154 gold pieces.
You spent 412 gold pieces at shops.

Inventory:

Hand Weapons
 a - a +0 war axe
 f - the +10 hand axe of Luxury (weapon) {venom, rC+ SInv Stlth+}
   (You bought it in a shop in the Dungeon)

   It poisons the flesh of those it strikes.
   rC:        It protects you from cold.
   SInv:      It lets you see invisible.
   Stlth:     It makes you more stealthy.
Armour
 b - a +0 scale mail (worn)
 c - a +0 kite shield
 k - a +0 cloak
 l - a +0 tower shield (worn)
 n - a scarf of repulsion (worn)
 v - a +0 pair of boots (worn)
 y - a +0 ring mail of poison resistance
Jewellery
 w - a ring of see invisible (right hand)
 x - a ring of poison resistance (left hand)
Scrolls
 g - a scroll of fog {unknown}
 j - a scroll of blinking
 o - 2 scrolls of vulnerability {unknown}
 p - 2 scrolls of amnesia {unknown}
 q - 3 scrolls of identify {unknown}
 s - a scroll of enchant armour {unknown}
 u - a scroll of torment {unknown}
Potions
 d - a potion of brilliance {unknown}
 e - 4 potions of curing
 h - 5 potions of magic
 i - a potion of berserk rage
 m - 2 potions of flight
 r - 2 potions of resistance
 t - a potion of heal wounds


   Skills:
 + Level 12.5(17.5) Fighting
 + Level 12.6(17.6) Axes
 + Level 12.9(17.9) Armour
 + Level 5.3(10.3) Dodging
 + Level 0.7(5.7) Stealth
 + Level 13.2(18.2) Shields


You had 8 spell levels left.
You didn't know any spells.
Your spell library contained the following spells:

 Spells                   Type           Power      Damage    Failure   Level
 Sandblast                Erth           0%         2d4       92%         1
 Passwall                 Tmut/Erth      0%         N/A       98%         2
 Fireball                 Conj/Fire      0%         3d3       100%        5
 Iskenderun's Battlesphe  Conj           0%         2d6       100%        5
 Lee's Rapid Deconstruct  Erth           0%         3d5*      100%        5
 Conjure Ball Lightning   Conj/Air       0%         3x3d6     100%        6
 Orb of Destruction       Conj           0%         N/A       100%        7


Dungeon Overview and Level Annotations

Branches:
Dungeon (1/1)

Altars:
Cheibriados
Dithmenos
Elyvilon
Fedhas
Gozag
Hepliaklqana
Kikubaaqudgha
Makhleb
Nemelex Xobeh
Okawaru
Qazlal
Ru
Sif Muna
Trog
Uskayaw
Vehumet
Wu Jian
Xom
Yredelemnul
Zin
The Shining One
Beogh
Jiyva
Lugonu

Shops:
D :=[!:[*?=(?=(?!

Annotations:
D exclusions: oklob plant and orange crystal statue


Innate Abilities, Weirdness & Mutations

You have a pair of horns on your head.
You reflexively headbutt those who attack you in melee.


Message History

You're standing in a cloud of freezing vapour!
You're standing in a cloud of freezing vapour!
You start resting.
You are starting to lose your buoyancy.
You start resting.
You float gracefully downwards.
You start resting.
You start to feel less resistant.
You start resting.
Your resistance to elements expires.
You start resting.
HP restored.
You gain the combat prowess of a mighty hero.
You open the door.
A storm dragon comes into view.
Found a bubbling green potion.
There is an open door here.
You see here a bubbling green potion.
The helpless storm dragon fails to defend itself.
You hit the storm dragon but do no damage.
The storm dragon is poisoned.
You block the storm dragon's attack. The storm dragon barely misses you.
You block the storm dragon's attack.
You hit the storm dragon.
The storm dragon looks even sicker.
You headbutt the storm dragon, but do no damage.
The storm dragon is lightly wounded.
The storm dragon breathes lightning at you.
The bolt of lightning hits you!!!
Ouch! That really hurt!
The bolt of lightning is repelled.
You hit the storm dragon.
The storm dragon looks as sick as possible!
The storm dragon is lightly wounded.
The storm dragon closely misses you. You block the storm dragon's attack. x2
You closely miss the storm dragon.
The storm dragon is lightly wounded.
The storm dragon breathes lightning at you.
The bolt of lightning hits you!!!
* * * LOW HITPOINT WARNING * * *
The bolt of lightning hits you!!
You die...

###### +.'@D# #.####
####+####
##°°.....##
##○°...○°°.## ▓▓+▓
+○°...○○○°..# +○..
##°.°...○..## #°..
≈##..°○○○○## #...
########≈≈#+++#°'°##
#}}


You could see a storm dragon (extremely poisoned, catching breath).

Vanquished Creatures
  A merfolk siren (D)
  An ice statue (D)
  A yaktaur (D)
  3 polar bears (D)
  A hornet (D)
  4 water moccasins (D)
  4 necrophages (D)
  5 scorpions (D)
  3 worms (D)
  A tentacle (D)
24 creatures vanquished.

Vanquished Creatures (others)
  Menkaure (D)
  A water moccasin (D)
  20 tentacles (D)
22 creatures vanquished.

Grand Total: 46 creatures vanquished

Notes
Turn   | Place    | Note
-------+----------+-------------------------------------------
     0 | D        | boopmooplesden the Minotaur Fighter began the quest for the
                  | Orb.
     0 | D        | Reached XP level 1. HP: 19/19 MP: 0/0
     1 | D        | Noticed a necrophage
     1 | D        | Noticed a necrophage
     1 | D        | Noticed a necrophage
     1 | D        | Noticed a necrophage
    12 | D        | Killed a necrophage
    13 | D        | Reached skill level 6 in Shields
    13 | D        | Reached XP level 2. HP: 5/31 MP: 1/1
    13 | D        | Reached XP level 3. HP: 6/38 MP: 2/2
    13 | D        | Reached XP level 4. HP: 7/45 MP: 3/3
    19 | D        | Killed a necrophage
    20 | D        | Reached skill level 1 in Dodging
    20 | D        | Reached skill level 7 in Shields
    20 | D        | Reached XP level 5. HP: 17/53 MP: 4/4
    22 | D        | Killed a necrophage
    23 | D        | Reached skill level 8 in Shields
    28 | D        | Killed a necrophage
    29 | D        | Reached skill level 5 in Axes
    29 | D        | Reached skill level 9 in Shields
    29 | D        | Reached XP level 6. HP: 23/63 MP: 5/5
    57 | D        | Killed Menkaure
   127 | D        | Killed a water moccasin
   230 | D        | Noticed a merfolk siren
   242 | D        | Killed a merfolk siren
   243 | D        | Reached skill level 10 in Fighting
   243 | D        | Reached skill level 10 in Armour
   243 | D        | Reached skill level 10 in Shields
   243 | D        | Reached XP level 7. HP: 73/73 MP: 6/6
   257 | D        | Noticed an orange crystal statue
   289 | D        | Reached skill level 11 in Shields
   310 | D        | Found Qonesah's Magic Scroll Emporium.
   311 | D        | Found Yjesohucw's Weapon Shoppe.
   311 | D        | Found Ummos's Jewellery Emporium.
   311 | D        | Found Guotiu's Book Shoppe.
   311 | D        | Found Yneps's Magic Scroll Shoppe.
   311 | D        | Found Jedeiv's Jewellery Shoppe.
   311 | D        | Found Kohuresuss's Distillery.
   311 | D        | Found Safim's Antique Weapon Shoppe.
   311 | D        | Found Higiaklo's General Store.
   311 | D        | Found Vomufet's Distillery.
   311 | D        | Found Xamunato's Magic Scroll Emporium.
   312 | D        | Found Noigoaff's Antique Armour Shoppe.
   312 | D        | Found Keugyegg's Antique Armour Emporium.
   312 | D        | Found Naxt's Jewellery Emporium.
   312 | D        | Noticed a yak
   312 | D        | Noticed a yak
   317 | D        | Reached XP level 8. HP: 23/82 MP: 7/7
   319 | D        | Noticed an oklob plant
   319 | D        | Noticed a death yak
   320 | D        | Found Ekhlug's Book Shoppe.
   334 | D        | Bought an ichor-stained hand axe for 152 gold pieces
   334 | D        | Identified the +10 hand axe of Luxury {venom, rC+ SInv
                  | Stlth+} (You bought it in a shop in the Dungeon)
   348 | D        | Bought a cloak for 130 gold pieces
   348 | D        | Bought a tower shield for 130 gold pieces
   592 | D        | Found a stormy altar of Qazlal.
   592 | D        | Found an ornate altar of the Wu Jian Council.
   593 | D        | Found a hazy altar of Hepliaklqana.
   593 | D        | Found a sacrificial altar of Ru.
   593 | D        | Found a shimmering altar of Xom.
   594 | D        | Found a viscous altar of Jiyva.
   594 | D        | Found a shimmering blue altar of Sif Muna.
   595 | D        | Found a snail-covered altar of Cheibriados.
   595 | D        | Found an ancient bone altar of Kikubaaqudgha.
   595 | D        | Found a bloodstained altar of Trog.
   596 | D        | Found a shadowy altar of Dithmenos.
   596 | D        | Found a corrupted altar of Lugonu.
   597 | D        | Found a white marble altar of Elyvilon.
   597 | D        | Found a burning altar of Makhleb.
   598 | D        | Found a blossoming altar of Fedhas.
   600 | D        | Found an opulent altar of Gozag.
   600 | D        | Found a glowing golden altar of the Shining One.
   600 | D        | Found a basalt altar of Yredelemnul.
   600 | D        | Found a hide-covered altar of Uskayaw.
   600 | D        | Found a sparkling altar of Nemelex Xobeh.
   600 | D        | Noticed a hornet
   600 | D        | Noticed a polar bear
   600 | D        | Noticed a polar bear
   601 | D        | Found a glowing silver altar of Zin.
   601 | D        | Found a radiant altar of Vehumet.
   601 | D        | Found an iron altar of Okawaru.
   601 | D        | Noticed a yaktaur
   601 | D        | Noticed a polar bear
   609 | D        | Noticed a flying skull
   609 | D        | Noticed a flying skull
   610 | D        | Became a worshipper of Warmaster Okawaru
   621 | D        | Killed a yaktaur
   625 | D        | Killed a polar bear
   625 | D        | Reached * piety under Okawaru
   625 | D        | Killed a hornet
   626 | D        | Reached skill level 10 in Axes
   626 | D        | Reached skill level 12 in Shields
   633 | D        | Killed a polar bear
   633 | D        | Killed a polar bear
   633 | D        | Reached ** piety under Okawaru
   634 | D        | Reached XP level 9. HP: 16/90 MP: 8/8
   950 | D        | Noticed a kraken
  1194 | D        | Reached skill level 5 in Dodging
  1747 | D        | Noticed an ice statue
  1765 | D        | Killed an ice statue
  1766 | D        | Reached skill level 13 in Shields
  1772 | D        | HP: 4/91 [something (7)]
  2119 | D        | Noticed a storm dragon
  2125 | D        | HP: 1/91 [storm dragon/bolt of lightning (43)]
  2125 | D        | Killed from afar by a storm dragon

Illustrated notes

Levels and vault maps discovered:
D:        the_violet_keep_of_menkaure [sprint2_stairs_cluster_1,
          sprint2_shoproom, sprint2_temple, sprint2_basic_supplies,
          sprint2_obstacle_4, sprint2_obstacle_6, sprint2_obstacle_2,
          sprint2_obstacle_1, sprint2_obstacle_3, sprint2_timed_cluster_1,
          sprint2_smallroom_cluster_1, sprint2_smallroom_final_cluster_1,
          sprint2_transparent_cluster_1, sprint2_second_timed_cluster_1,
          sprint2_sniper_area_1, sprint2_heavy_combat_area_1,
          sprint2_mutation_trap_area_1, sprint2_forest_area_1,
          sprint2_light_combat_area_1, sprint2_behind_water_1,
          sprint2_near_end_vault_1]

Skill      XL: |  1  2  3  4  5  6  7  8  9 |
---------------+----------------------------+-----
Fighting       | 6 7 9 10 11 12 | 12.5
Axes           | 3 4 5 7 8 11 12 | 12.6
Armour         | 6 8 9 10 11 12 | 12.9
Shields        | 6 7 9 10 11 12 13 | 13.2
Dodging        | 1 2 3 4 5 |  5.3
Stealth        | |  0.7

Action                   |  1- 3 |  4- 6 |  7- 9 || total
-------------------------+-------+-------+-------++-------
Melee: War axe           |    10 |    26 |    28 ||    64
       Headbutt          |     2 |     5 |    21 ||    28
       Hand axe          |       |       |    61 ||    61
Invok: Heroism           |       |       |     1 ||     1
  Use: Potion            |       |     1 |     4 ||     5
 Stab: Sleeping          |       |       |     1 ||     1
Armor: Scale mail        |     4 |     5 |    25 ||    34
Dodge: Dodged            |     6 |     3 |    21 ||    30
       Repelled          |       |       |     1 ||     1
Block: Kite shield       |     2 |    11 |    12 ||    25
       Tower shield      |       |       |    76 ||    76
